 Dungeon Crawl Stone Soup version 0.21.1-1-g345015f (webtiles) character file.

73 4thArraOfDagon the Grave Robber (level 4, -2/36 HPs)
             Began as a Deep Dwarf Necromancer on June 8, 2018.
             Was an Initiate of Makhleb.
             Slain by a two-headed ogre
             ... wielding a +0 giant club
              (13 damage)
             ... on level 9 of the Dungeon.
             The game lasted 00:04:16 (679 turns).

4thArraOfDagon the Grave Robber (DDNe)               Turns: 679, Time: 00:04:17

Health: -2/36      AC:  2    Str: 11    XL:     4   Next: 8%
Magic:  7/7        EV: 12    Int: 17    God:    Makhleb [......]
Gold:   46         SH:  0    Dex: 13    Spells: 4/8 levels left

rFire    . . .     SeeInvis .   h - +0 mace
rCold    . . .     Gourm    .   (no shield)
rNeg     . . .     Faith    .   a - +0 robe
rPois    .         Spirit   .   (no helmet)
rElec    .         Reflect  .   (no cloak)
rCorr    .         Harm     .   (no gloves)
MR       .....     Rnd*Tele +   (no boots)
Stlth    ++........             (no amulet)
HPRegen  0.00/turn              e - ring of teleportation (curse)
MPRegen  0.10/turn              (no ring)

@: non-regenerating
A: damage resistance, heal wounds, sense surroundings 1, no regeneration
a: Heal Wounds, Renounce Religion


You were on level 9 of the Dungeon.
You worshipped Makhleb.
Makhleb was noncommittal.
You were not hungry.

You visited 2 branches of the dungeon, and saw 8 of its levels.

You collected 46 gold pieces.

Inventory:

Hand Weapons
 h - a +0 mace (weapon)
Armour
 a - a +0 robe (worn)
Jewellery
 e - a cursed ring of teleportation (left hand)
Wands
 j - a wand of random effects (2)
Scrolls
 d - 3 scrolls of identify
Books
 b - a book of Necromancy

   Spells                             Type                      Level
   a - Pain                           Necromancy                   1
   b - Animate Skeleton               Necromancy                   1
   c - Vampiric Draining              Necromancy                   3
   d - Regeneration                   Charms/Necromancy            3
   e - Animate Dead                   Necromancy                   4
   f - Borgnjor's Vile Clutch         Necromancy/Earth             5
Comestibles
 c - a ration
 i - 2 chunks of flesh


   Skills:
 - Level 2.1 Dodging
 - Level 2.4 Stealth
 + Level 2.5 Spellcasting
 * Level 5.7 Necromancy


You had 4 spell levels left.
You knew the following spells:

 Your Spells              Type           Power        Failure   Level  Hunger
a - Pain                  Necr           ###.         1%          1    #......
b - Vampiric Draining     Necr           ###.......   5%          3    ###....


Dungeon Overview and Level Annotations

Branches:
Dungeon (6/15)             Temple (1/1) D:5

Altars:
Elyvilon
Makhleb
Nemelex Xobeh
Okawaru
Qazlal

Annotations:
D:6 4thArraOfDagon's ghost, weakling DDNe


Innate Abilities, Weirdness & Mutations

You are resistant to damage.
You can heal yourself by infusing magical energy.
You passively map a small area around you.
You do not regenerate.


Message History

Evoke which item? (* to show all) (? for menu, Esc to quit)
Aiming: Random Effects
Press: ? - help, Shift-Dir - straight line, f/p - two-headed ogre
Aim: a two-headed ogre, wielding two giant clubs (lightly wounded, misshapen and mutated, lightly drained)
The two-headed ogre flickers and vanishes!
Deactivating autopickup; reactivate with Ctrl-A.
Unknown command.
Evoke which item? (* to show all) (? for menu, Esc to quit)
Aiming: Random Effects
Press: ? - help, Shift-Dir - straight line, f - gnoll
Aim: a gnoll The puff of frost hits the gnoll.
The gnoll is moderately wounded.
Unknown command.
Evoke which item? (* to show all) (? for menu, Esc to quit)
Aiming: Random Effects
Press: ? - help, Shift-Dir - straight line, f/p - gnoll
Aim: a gnoll (moderately wounded) Nothing appears to happen.
Something hits you! x2
You die...

* , * , #...
#.. * *
#.#.##.#. ,
*#.......
##.##.#.# * ,
,..h..O.# , ,
*,, * #.#.... ,
,#.######.##.#
, #g..@......#
, * , ,
....########..#
* . * #..# * ,
* * #..# * * ,
#..# , , * #..#
,, ,, #..#* * *
#... , * * * *
...#


You could see a gnoll.

Vanquished Creatures
  A worker ant (D:5)
  3 adders
  An ooze (D:3)
  A leopard gecko (D:1)
  An orc (D:5)
  A giant cockroach (D:5)
  3 goblins
  A hobgoblin (D:2)
  A ball python (D:3)
  2 bats (D:1)
  A frilled lizard (D:1)
  2 kobolds
  A rat (D:1)
19 creatures vanquished.

Notes
Turn   | Place    | Note
-------+----------+-------------------------------------------
     0 | D:1      | 4thArraOfDagon the Deep Dwarf Necromancer began the quest for the Orb.
     0 | D:1      | Reached XP level 1. HP: 15/15 MP: 3/3
   160 | D:1      | Reached XP level 2. HP: 20/22 MP: 0/5
   283 | D:2      | Reached skill level 5 in Necromancy
   452 | D:5      | Entered Level 5 of the Dungeon
   468 | D:5      | Reached XP level 3. HP: 18/28 MP: 2/6
   473 | D:5      | Learned a level 3 spell: Vampiric Draining
   493 | D:5      | Found a staircase to the Ecumenical Temple.
   502 | Temple   | Entered the Ecumenical Temple
   527 | Temple   | Became a worshipper of Makhleb the Destroyer
   608 | D:4      | Reached XP level 4. HP: 18/36 MP: 0/7
   622 | D:4      | Noticed an ogre
   641 | D:6      | Found a stormy altar of Qazlal.
   650 | D:6      | Noticed 4thArraOfDagon's ghost (weakling DDNe)
   663 | D:6      | You fall through a shaft for 3 floors!
   663 | D:9      | Noticed an ogre
   672 | D:9      | Noticed a two-headed ogre
   679 | D:9      | Slain by a two-headed ogre

Skill      XL: |  1  2 |
---------------+-------+-----
Spellcasting   | 2 |  2.5
Necromancy     | 5 |  5.7
Dodging        | |  2.1
Stealth        | |  2.4

Action                   |  1- 3 |  4- 6 || total
-------------------------+-------+-------++-------
Melee: Unarmed           |    42 |       ||    42
       Mace              |     1 |       ||     1
 Cast: Pain              |    37 |     1 ||    38
Evoke: Wand              |       |     8 ||     8
  Use: Scroll            |     3 |     1 ||     4
       Potion            |     1 |     1 ||     2
Armor: Robe              |    66 |       ||    66
Dodge: Dodged            |   202 |     1 ||   203
